 Dungeon Crawl Stone Soup version 0.30-a0-718-geaa24f5 (webtiles) character file.

Game seed: 3733040151852361031

32 Geeful the Sneak (level 3, -6/25 HPs)
             Began as an Octopode Brigand on Jan 25, 2023.
             Splashed by a jelly's acid (8 damage)
             ... on level 3 of the Dungeon.
             The game lasted 00:04:19 (1552 turns).

Geeful the Sneak (Octopode Brigand)                 Turns: 1552, Time: 00:04:20

Health: -6/25      AC: -3    Str: 10    XL:     3   Next: 25%
Magic:  3/3        EV: 13    Int: 13    God:
Gold:   106        SH:  0    Dex: 15    Spells: 2/2 levels left

rFire   . . .      SeeInvis .    a - +2 dagger
rCold   . . .      Faith    .    (no shield)
rNeg    . . .      Spirit   .    (helmet restricted)
rPois   .          Reflect  .    (no amulet)
rElec   .          Harm     .    (no ring)
rCorr   .          Rampage  .    (no ring)
Will    .....                    (no ring)
Stlth   ++++                     (no ring)
HPRegen 0.24/turn                (no ring)
MPRegen 0.08/turn                (no ring)
                                 (no ring)
                                 (no ring)

@: corroded
A: almost no armour, amphibious, 8 rings, camouflage 1, gelatinous body 1,
(nimble swimmer 1), tentacles
a: no special abilities


You were on level 3 of the Dungeon.
You visited 1 branch of the dungeon, and saw 3 of its levels.

You collected 106 gold pieces.

Inventory:

Hand Weapons
 a - a +2 dagger (weapon)
Missiles
 b - 9 poisoned darts
 c - a curare-tipped dart (quivered)
Scrolls
 d - 2 scrolls of teleportation
 f - a scroll of amnesia {unknown}
 g - a scroll of fear {unknown}
 h - a scroll of brand weapon {unknown}
 i - a scroll of noise {unknown}
 m - a scroll of blinking {unknown}
 n - a scroll of immolation {unknown}
 o - a scroll of enchant armour {unknown}
Potions
 e - a potion of might {unknown}
 j - a potion of curing
 l - 2 potions of mutation
 p - a potion of haste


   Skills:
 + Level 2.9 Fighting
 - Level 2.0 Short Blades
 - Level 2.0 Throwing
 + Level 2.2 Dodging
 - Level 5.3 Stealth


You had 2 spell levels left.
You didn't know any spells.
Your spell library contained the following spells:

 Spells                   Type           Power      Damage    Failure   Level
 Fireball                 Conj/Fire      0%         3d3       100%        5
 Iskenderun's Battlesphe  Conj           0%         2d6       100%        5
 Conjure Ball Lightning   Conj/Air       0%         3x3d6     100%        6
 Orb of Destruction       Conj           0%         9d5       100%        7


Dungeon Overview and Level Annotations

Branches:
Dungeon (3/15)

Altars:

Annotations:
D:2 exclusion: downstairs
D:3 Grinder


Innate Abilities, Weirdness & Mutations

You cannot wear most types of armour.
You are amphibious.
You can wear up to eight rings at the same time.
Your skin changes colour to match your surroundings (Stealth+).
Your rubbery body absorbs attacks. (AC +1, EV +1)
((You are camouflaged when in or above water. (Stealth+)))
You have tentacles for arms and can constrict up to eight enemies at once.


Message History

There is a stone staircase leading down here.
You climb downwards.
Level annotation: Grinder
There is a stone staircase leading up here.
Found an escape hatch in the ceiling.
You feel as though Xom is toying with you.
Suddenly, the walls become transparent!
You open the door.
A jelly comes into view.
The jelly quivers.
The jelly hits you.
You are splashed with acid.
There is an open door here.
You hit the jelly.
Your tentacles burn!
You squeeze the jelly!
The jelly is heavily wounded.
You hit the jelly.
Your tentacles burn!
The jelly is severely wounded.
The jelly closely misses you.
You barely miss the jelly.
The jelly is severely wounded.
The jelly hits you. The acid corrodes you!
You are splashed with acid.
* * * LOW HITPOINT WARNING * * *
You hit the jelly but do no damage.
Your tentacles burn!
* * * LOW HITPOINT WARNING * * *
The jelly is severely wounded.
The jelly barely misses you.
Throw: 3 darts (curare)
Press: ? - help, Q - select action, (/) - cycle Shift-Dir - straight line, f - jelly
Aim: a jelly (severely wounded, 90% to hit)
You throw a curare-tipped dart. The curare-tipped dart hits the jelly.
The jelly is severely wounded.
The jelly closely misses you.
Throw: 2 darts (curare)
Press: ? - help, Q - select action, (/) - cycle Shift-Dir - straight line, f/p - jelly
Aim: a jelly (severely wounded, 90% to hit)
You throw a curare-tipped dart. The curare-tipped dart hits the jelly.
The jelly is severely wounded.
The jelly hits you.
* * * LOW HITPOINT WARNING * * *
You are splashed with acid!
You die...

#...... +..... #....
#...# +...# #...#
###...# +J@...# ###...#
#.##.## #.##.# #.##.#
### #.#..# #.. #..#.#
#.#
########.###.#####.#####
........## #..........#


You could see a jelly.

Vanquished Creatures
  An adder (D:2)
  A worm (D:2)
  3 endoplasms
  2 giant cockroaches
  2 goblins
  A hobgoblin (D:2)
  3 kobolds (D:1)
  A quokka (D:1)
  3 bats
  2 rats (D:1)
19 creatures vanquished.

Notes
Turn   | Place    | Note
-------+----------+-------------------------------------------
     0 | D:1      | Geeful the Octopode Brigand began the quest for the Orb.
     0 | D:1      | Reached XP level 1. HP: 14/14 MP: 1/1
   216 | D:1      | Reached XP level 2. HP: 20/20 MP: 2/2
  1076 | D:2      | Found a faded altar of an unknown god.
  1348 | D:2      | Reached XP level 3. HP: 25/25 MP: 3/3
  1459 | D:3      | Noticed Grinder
  1552 | D:3      | Splashed by a jelly's acid

Illustrated notes

Levels and vault maps discovered:
D:1:      shiori_shiawase, layout_loops_ring, chequers_serial_rivers_room_b
D:2:      layout_loops_corners, shapermc_ecumenical_altar_mp_highgroup
D:3:      layout_loops_ring, nicolae_wu_jian_wuxing_cycle, dk_xom_monty_hall,
          uniq_grinder

Skill      XL: |  1  2 |
---------------+-------+-----
Dodging        | 2 |  2.2
Fighting       | |  2.9
Short Blades   | |  2.0
Throwing       | |  2.0
Stealth        | |  5.3

Action                     || total
---------------------------++-------
  Melee: Dagger            ||    29
         Constrict         ||     5
         Tentacles         ||     4
  Throw: Dart              ||     2
    Use: Scroll            ||     4
   Stab: Sleeping          ||    10
  Dodge: Dodged            ||     9

Table legend: (Time is in decaauts)
 A = Elapsed time spent in this place.
 B = Non-inter-level travel time spent in this place.
 C = Inter-level travel time spent in this place.
 D = Time resting spent in this place.
 E = Time spent auto-exploring this place.
 F = Levels seen in this place.
 G = Mean time per level.
                   A        B        C        D        E       F      G
               +--------+--------+--------+--------+--------+-----+--------+
         Total |   1548 |   1427 |    121 |      0 |   1243 |   3 |  516.0 |
       Dungeon |   1548 |   1427 |    121 |      0 |   1243 |   3 |  516.0 |
               +--------+--------+--------+--------+--------+-----+--------+

Top non-repeatable levels by time:
     D:2: 917 daAuts
     D:1: 582 daAuts
     D:3: 48 daAuts
